Aqua Megami, lawful female dwarven Cavewoman ----- |..&| --------------------------------- |...| |...............................| |H..| |.----....-----.-----|-..-----..| |...+ |.|..|---.|...-.|..|..|..|(((|..| -.--- |.|..|..|.|.=.|.-..|..|..|(((|..| @ |.-|-|..|.|.(.|.--------.|...|..| a |....|..|.|...|....| ..|.---|-..| # |.{..--|-.----|....-...|........| # |..........-..|+--.-----..-----.| # |....--|-..|..| |........|..%|.| # |.-+--..|.----| |--|-....-.%.|.| -.--- #|.| |..|.|.?)|--|...|---.-----.| |..>+ #..| |---.-.%)|..|...| +.......| |.^.| #|.| |....|.!(|..|...| |........ |....######|.----....-----|---------.....{.| ----- |...............................| --------------------------------- Aqua Megami the Wanderer Experience level: 6 Strength: 18/02 Dexterity: 12 Constitution: 16 Intelligence: 11 Wisdom: 9 Charisma: 8 Health: 0(63) Energy: 13(13) AC: 1 Gold: 141 Moves: 2240 Your Inventory: Coins $ - 141 gold pieces Weapons a - an uncursed +1 club (alternate weapon; not wielded) b - an uncursed +2 sling (weapon in hand) f - 11 [blessed +1] darts [of fire] l - an [uncursed +0] boomerang y - an [uncursed +0] thonged club [aklys] Armor e - an uncursed +0 leather armor (being worn) g - an [uncursed] +0 pair of mud boots [kicking] k - an uncursed +0 dwarvish iron helm (being worn) s - a blessed +1 pair of hard shoes [iron] (being worn) t - an uncursed +0 dwarvish cloak (being worn) Comestibles o - an [uncursed] tin [of hobbit meat] Scrolls h - an uncursed scroll labeled ZLORFIK [of charging] i - an uncursed scroll labeled MAPIRO MAHAMA DIROMAT [of magic mapping] j - an uncursed scroll labeled LEP GEX VEN ZEA [of destroy armor] r - a blessed scroll labeled PHOL ENDE WODAN [of confuse monster] u - an uncursed scroll called id [of identify] x - an uncursed scroll labeled KERNOD WEL [of gold detection] Gems c - 23 uncursed flint stones (in quiver) d - 25 uncursed rocks Spells known in the end: Name Level Category Fail Memory Your skills at the end: Fighting Skills bare handed combat [Basic / Master] Weapon Skills club [Basic / Expert] sling [Basic / Expert] Spellcasting Skills Final Attributes: You were devoutly aligned. Hunger level was 693. Your alignment was 15 / 21. Monster difficulty range was 1 - 7. Level difficulty was 8. You were telepathic. You had infravision. You were lucky (1). You are dead. Vanquished creatures: 2 small mimics a watchman a wolf a rock mole a fog cloud a gnome lord a straw golem a floating eye 2 dwarves a hobbit a hobgoblin a giant rat 5 gnomes a gecko a jackal a fox 3 sewer rats 2 grid bugs a bat a lichen 2 newts 31 creatures vanquished. Voluntary challenges: You used a wielded weapon 37 times. You read items or engraved 4 times. You put on armor 6 times. You never genocided any monsters. You never polymorphed an object. You never changed form. You used no wishes. You wrote Elbereth's name 4 times. You never encountered a bones level. You never used any Sokoban shortcuts. Dungeon overview: The Dungeons of Doom: levels 1 to 5 Level 1 a long staircase Level 2 some fountains Level 3 a general store Level 4 a general store stairs to The Gnomish Mines The Gnomish Mines: levels 5 to 9 Level 5 stairs to The Dungeons of Doom Level 8 <- You were here some shops, a temple, a magic chest, some fountains History has recorded: On T:1 you entered the Dungeons of Doom to retrieve the Amulet of Yendor! On T:375 you reached level 2 of The Dungeons of Doom. On T:423 you reached level 3 of The Dungeons of Doom. On T:710 you advanced to experience level 2. On T:725 you advanced to experience level 3. On T:1028 you advanced to experience level 4. On T:1099 you reached level 4 of The Dungeons of Doom. On T:1135 you reached level 5 of The Dungeons of Doom. On T:1192 you advanced to experience level 5. On T:1563 you advanced to experience level 6. On T:1603 you reached level 1 of The Gnomish Mines. On T:1608 you reached level 2 of The Gnomish Mines. On T:1629 you reached level 3 of The Gnomish Mines. On T:1838 you reached level 4 of The Gnomish Mines. On T:2149 you reached level 5 of The Gnomish Mines. Latest messages: [HP+1=27] [HP+1=28] You stop searching. [59 turns] The large dog misses the soldier ant. (2x) The soldier ant bites! The soldier ant stings! The large dog bites the soldier ant. The soldier ant misses the large dog. (2x) [HP-15=13] The soldier ant misses. The soldier ant stings! [HP-6=7] You write with your fingers into the dust. The soldier ant turns to flee! The flint stone hits the soldier ant! [HP+1=8] The soldier ant bites! The soldier ant stings! You die... Final status: Goodbye Aqua Megami the Cavewoman... You died in The Gnomish Mines on dungeon level 8 with 1771 points, and 141 pieces of gold, after 2240 moves. You were level 6 with a maximum of 63 hit points when you died.